 Dungeon Crawl Stone Soup version 0.29-a0-789-g7a8fcbc185 (webtiles) character file.

Game seed: 1823143931155669732

753 zeratav the Tainter (level 7, -9/41 HPs)
             Began as an Octopode Venom Mage on July 3, 2022.
             Was an Initiate of Gozag.
             Mangled by a black bear (12 damage)
             ... on level 5 of the Dungeon.
             The game lasted 00:14:07 (7491 turns).

zeratav the Tainter (Octopode Venom Mage)           Turns: 7491, Time: 00:14:07

Health: -9/41      AC:  1    Str:  8    XL:     7   Next: 78%
Magic:  11/13      EV: 13    Int: 19    God:    Gozag
Gold:   502        SH:  0    Dex: 12    Spells: 7/14 levels left

rFire   . . .      SeeInvis .   r - +1 whip (elec) {mace}
rCold   . . .      Faith    .   (no shield)
rNeg    . . .      Spirit   .   (helmet restricted)
rPois   .          Reflect  .   p - amulet of magic regeneration {@e2}
rElec   .          Harm     .   (no ring)
rCorr   .          Rampage  .   (no ring)
Will    .....                   (no ring)
Stlth   +++.......              (no ring)
HPRegen 0.13/turn               (no ring)
MPRegen 0.53/turn               (no ring)
                                (no ring)
                                (no ring)

@: no status effects
A: almost no armour, amphibious, 8 rings, camouflage 1, gelatinous body 1,
(nimble swimmer 1), tentacles
a: Renounce Religion, Potion Petition, Call Merchant, Bribe Branch


You were on level 5 of the Dungeon.
You worshipped Gozag.
Gozag was pleased with you.
You visited 1 branch of the dungeon, and saw 5 of its levels.

You collected 612 gold pieces.
You paid 110 gold pieces to Gozag.


Innate Abilities, Weirdness & Mutations

You cannot wear most types of armour.
You are amphibious.
You can wear up to eight rings at the same time.
Your skin changes colour to match your surroundings (Stealth+).
Your rubbery body absorbs attacks. (AC +1, EV +1)
((You are camouflaged when in or above water. (Stealth+)))
You have tentacles for arms and can constrict up to eight enemies at once.


   Skills:
 - Level 2.0 Dodging
 - Level 2.6 Stealth
 + Level 4.2 Spellcasting
 + Level 4.1 Transmutations
 - Level 8.0 Poison Magic


You had 7 spell levels left.
You knew the following spells:

 Your Spells              Type           Power      Damage    Failure   Level
a - Sting                 Tmut/Pois      100%       1d8       1%          1
b - Poisonous Vapours     Pois/Air       38%        N/A       4%          2
c - Olgreb's Toxic Radia  Pois           34%        N/A       4%          4

Your spell library contained the following spells:

 Spells                   Type           Power      Damage    Failure   Level
 Spider Form              Tmut/Pois      27%        N/A       3%          3
 Apportation              Tloc           8%         N/A       14%         1
 Necrotize                Necr           16%        1d4       14%         1
 Summon Small Mammal      Summ           16%        N/A       14%         1
 Mephitic Cloud           Conj/Pois/Air  14%        N/A       14%         3
 Ensorcelled Hibernation  Hex/Ice        8%         N/A       21%         2
 Call Canine Familiar     Summ           4%         N/A       38%         3
 Portal Projectile        Hex/Tloc       8%         N/A       38%         3
 Anguish                  Hex/Necr       2%         N/A       80%         4
 Leda's Liquefaction      Hex/Erth       2%         N/A       80%         4

Inventory:

Hand Weapons
 r - a +1 whip of electrocution (weapon) {mace}
   (You took it off an orc on level 4 of the Dungeon)
Jewellery
 p - an amulet of magic regeneration (around mantle) {@e2}
   (You found it on level 4 of the Dungeon)
Wands
 b - a wand of iceblast (10)
   (You found it on level 4 of the Dungeon)
 v - a wand of digging (6)
   (You found it on level 5 of the Dungeon)
Scrolls
 d - a scroll of magic mapping {unknown}
 h - a scroll of torment {!r}
 i - a scroll of acquirement {unknown}
 l - a scroll of amnesia {unknown}
 n - 2 scrolls of vulnerability {unknown}
 q - 2 scrolls of fog
 s - a scroll of poison {!r}
 u - 2 scrolls of identify {@r1}
 w - a scroll of fear {unknown}
Potions
 a - a potion of magic
 c - 5 potions of curing {@q1}
 f - a potion of mutation {unknown}
 g - a potion of degeneration {unknown}
 j - a potion of attraction {unknown}
 k - a potion of resistance {unknown}
 m - 2 potions of heal wounds {unknown}
 o - a potion of flight {unknown}
 t - 2 potions of brilliance {unknown}

Dungeon Overview and Level Annotations

Branches:
Dungeon (5/15) Zot: 22493  Temple (0/1) D:4

Altars:
Ashenzari
Cheibriados
Dithmenos
Gozag
Uskayaw
Yredelemnul

Annotations:
D:3 3 runed translucent doors, abessonov's ghost, amateur MfSu

#.........
#.########
#># ## #o#
.. #.# ##
#.# #.#
#h# #@#
#.# #.#
#.# #.#
#### #.#
#... #.#
#.## #.#
#.# #.#
#.##


You could see a black bear (berserk, very poisoned) and an orc wizard
(poisoned).


Message History

You cannot move.
You cannot move.
You cannot move.
You cannot move.
You cannot move.
You cannot move.
You cannot move.
You cannot move.
You cannot move.
You cannot move.
You cannot move.
You cannot move.
You cannot move.
You cannot move.
You start resting.
Your transformation is almost over.
You feel less wooden.
HP[-9]
You now have 41 max hp (-20).
You start resting.
HP[+20]
Your hp is fully restored (41).
You now have 502 gold pieces (gained 15).
Found a stone staircase leading up.
You see here a +0 pair of gloves.
Found a stone staircase leading down.
There is a stone staircase leading down here.
A black bear comes into view.
Casting: Olgreb's Toxic Radiance (dangerous; 4% risk of failure)
Confirm with . or Enter, or press ? or * to list all spells.
Aiming: Poisonous Vapours (safe; 4% risk of failure)
Press: ? - help, Dir - move target, f - black bear
Aim: a black bear (asleep)
Okay, then.
Casting: Poisonous Vapours (safe; 4% risk of failure)
Confirm with . or Enter, or press ? or * to list all spells.
You begin to radiate toxic energy.
The black bear growls angrily.
The black bear is poisoned.
You hear a shout!
You hear a bark!
You hear a shout!
MP[-4]
You lost 4 mp, and now have 9/13 mp.
Your toxic aura wanes.
MP[+1] MP[+1] MP[+1]
The black bear looks more healthy.
MP[+1]
Your mp is fully restored (13).
Casting: Olgreb's Toxic Radiance (dangerous; 4% risk of failure)
Confirm with . or Enter, or press ? or * to list all spells.
You begin to radiate toxic energy.
The black bear is poisoned.
MP[-4]
You lost 4 mp, and now have 9/13 mp.
Your toxic aura wanes.
There is a stone staircase leading down here.
MP[+1] MP[+1] MP[+1]
The black bear looks more healthy.
MP[+1]
Your mp is fully restored (13).
The black bear attacks as you move away!
The black bear bites you. The black bear claws you.
The black bear closely misses you.
HP[-7]
You take 7 damage, and now have 34/41 hp.
Casting: Olgreb's Toxic Radiance (dangerous; 4% risk of failure)
Confirm with . or Enter, or press ? or * to list all spells.
You begin to radiate toxic energy.
The black bear is poisoned.
The black bear looks even sicker.
The black bear goes berserk!
An orc wizard comes into view. It is wielding a +0 dagger.
MP[-4]
You lost 4 mp, and now have 9/13 mp.
You barely miss the black bear. Your grab misses the black bear.
You squeeze the black bear.
The orc wizard is poisoned.
Your toxic aura wanes.
The black bear bites you but does no damage.
The black bear closely misses you. The black bear claws you.
HP[-4] MP[+1]
You take 4 damage, and now have 30/41 hp.
You hit the black bear. Your grab misses the black bear.
The black bear bites you!
* * * LOW HITPOINT WARNING * * *
The black bear claws you.
* * * LOW HITPOINT WARNING * * *
The black bear closely misses you. The black bear bites you.
* * * LOW HITPOINT WARNING * * *
The black bear claws you!
* * * LOW HITPOINT WARNING * * *
The black bear barely misses you.
HP[-27]
You take 27 damage, and now have 3/41 hp.
MASSIVE DAMAGE!! (PAUSE)
You closely miss the black bear. You grab the black bear.
You squeeze the black bear. You constrict the black bear.
The black bear bites you!
You die...
Your body crumbles into a pile of gold.

Skill      XL: |  1  2  3  4  5  6  7 |
---------------+----------------------+-----
Poison Magic   | 4 5 6 7 8 |  8.0
Transmutations | 3 4 |  4.1
Spellcasting   | 3 4 |  4.2
Dodging        | |  2.0
Stealth        | |  2.6

Action                   |  1- 3 |  4- 6 |  7- 9 || total
-------------------------+-------+-------+-------++-------
Melee: Spear             |    37 |    59 |       ||    96
       Constrict         |     6 |    16 |     2 ||    24
       Tentacles         |     6 |     9 |     3 ||    18
       Whip              |       |    11 |    27 ||    38
       Punch             |       |       |     1 ||     1
 Cast: Sting             |    14 |     6 |       ||    20
       Poisonous Vapours |    21 |    55 |       ||    76
       Olgreb's Toxic Ra |       |    21 |    17 ||    38
  Use: Potion            |       |     3 |     1 ||     4
       Scroll            |       |     7 |       ||     7
 Stab: Sleeping          |     6 |     2 |     1 ||     9
       Distracted        |     1 |       |       ||     1
Armor: Skin              |     2 |    22 |    15 ||    39
Dodge: Dodged            |    16 |    72 |    12 ||   100

Levels and vault maps discovered:
D:1:      heliophobic_arrival_enchanted_forest, layout_loops_cross,
          kennysheep_boxes
D:2:      layout_basic, basic_altar, nrook_mini_vaults, uniq_robin
D:3:      layout_loops_ring, ebering_ghost_rock_garden,
          chequers_decorated_corner, minmay_misc_feat_square,
          minmay_shallow_snake_nest
D:4:      layout_gridville, grunt_temple_overflow_open,
          minmay_temple_entry_statues
D:5:      layout_loops_ring, kennysheep_little_box

Notes
Turn   | Place    | Note
-------+----------+-------------------------------------------
     0 | D:1      | zeratav the Octopode Venom Mage began the quest for the
                  | Orb.
     0 | D:1      | Reached XP level 1. HP: 11/11 MP: 3/3
     0 | D:1      | magus.rc [v1.9.6]
   115 | D:1      | Reached skill level 4 in Poison Magic
   151 | D:1      | Reached XP level 2. HP: 5/17 MP: 0/5
   442 | D:1      | Learned a level 2 spell: Poisonous Vapours
   922 | D:1      | Reached XP level 3. HP: 16/21 MP: 6/6
  1003 | D:1      | Reached skill level 5 in Poison Magic
  1965 | D:2      | Reached XP level 4. HP: 27/27 MP: 3/7
  2023 | D:2      | Noticed Robin
  2057 | D:2      | HP: 6/27 [gnoll/+0 flail (4)]
  2059 | D:2      | Reached skill level 6 in Poison Magic
  2843 | D:2      | Killed Robin
  2858 | D:2      | HP: 6/27 [hobgoblin[Robin] (3)]
  2861 | D:2      | HP: 2/27 [hobgoblin[Robin] (5)]
  2868 | D:2      | HP: 3/27 [hobgoblin[Robin] (5)]
  3310 | D:2      | Learned a level 4 spell: Olgreb's Toxic Radiance
  3573 | D:2      | You pick up a book of the Hunter and begin reading...
  3573 | D:2      | You add the spells Call Canine Familiar, Portal Projectile
                  | and Leda's Liquefaction to your library.
  3608 | D:2      | Found a basalt altar of Yredelemnul.
  3878 | D:3      | Found a runed translucent gate.
  3878 | D:3      | Found a runed translucent gate.
  3899 | D:3      | Found a runed translucent gate.
  3901 | D:3      | Noticed abessonov's ghost (amateur MfSu)
  4064 | D:3      | Reached XP level 5. HP: 31/31 MP: 8/8
  4639 | D:3      | Reached skill level 7 in Poison Magic
  5450 | D:4      | Found a hide-covered altar of Uskayaw.
  5451 | D:4      | Found a shadowy altar of Dithmenos.
  5453 | D:4      | Found an opulent altar of Gozag.
  5453 | D:4      | Found a broken altar of Ashenzari.
  5453 | D:4      | Found a snail-covered altar of Cheibriados.
  5461 | D:4      | Became a worshipper of Gozag Ym Sagoz the Greedy
  5557 | D:4      | You pick up a book of Dreams and begin reading...
  5557 | D:4      | You add the spells Ensorcelled Hibernation, Spider Form and
                  | Anguish to your library.
  5615 | D:4      | You pick up a book of Cantrips and begin reading...
  5615 | D:4      | You add the spells Necrotize, Summon Small Mammal and
                  | Apportation to your library.
  5642 | D:4      | Reached XP level 6. HP: 36/36 MP: 9/9
  5695 | D:4      | Found a staircase to the Ecumenical Temple.
  5705 | D:4      | Reached skill level 8 in Poison Magic
  6261 | D:5      | Entered Level 5 of the Dungeon
  6307 | D:5      | Noticed a black bear
  6315 | D:5      | HP: 13/54 [black bear (1)]
  6319 | D:5      | Killed a black bear
  6320 | D:5      | Reached skill level 2 in Transmutations
  6667 | D:5      | Reached skill level 3 in Spellcasting
  6667 | D:5      | Reached skill level 3 in Transmutations
  6667 | D:5      | Reached XP level 7. HP: 41/41 MP: 3/11
  7228 | D:5      | Reached skill level 4 in Spellcasting
  7246 | D:5      | Reached skill level 4 in Transmutations
  7490 | D:5      | HP: 10/41 [black bear (5)]
  7490 | D:5      | HP: 3/41 [black bear (7)]
  7491 | D:5      | Mangled by a black bear

Vanquished Creatures
  2 black bears (D:5)
  An ogre (D:5)
  A phantom (D:5)
  A scorpion (D:3)
  A bouda (D:5)
  An iguana (D:5)
  An orc wizard (D:5)
  Robin (D:2)
  5 adders
  9 gnolls
  A white imp (D:5)
  2 worms
  A dart slug (D:1)
  15 orcs
  8 ball pythons
  6 bats
  3 endoplasms
  2 giant cockroaches
  15 goblins
  9 hobgoblins
  6 quokkas
  5 frilled lizards
  5 kobolds
  6 rats
107 creatures vanquished.

Vanquished Creatures (others)
  A fungus (D:3)
1 creature vanquished.

Grand Total: 108 creatures vanquished

Table legend:
 A = Non-vault XP
 B = Vault XP
 C = Vault XP percentage of total XP
 D = Non-vault monster count
 E = Vault monster count
 F = Vault count percentage of total count
                 A         B        C        D         E       F
            +---------+---------+-------+---------+---------+-------
      Total |    1022 |      54 |   5.0 |      90 |      17 |  15.9
            +---------+---------+-------+---------+---------+-------
        D:1 |      53 |       3 |   5.4 |      28 |       2 |   6.7
        D:2 |      70 |      30 |  30.0 |      14 |       9 |  39.1
        D:3 |     115 |      21 |  15.4 |      13 |       6 |  31.6
        D:4 |     107 |       0 |   0.0 |      19 |       0 |   0.0
        D:5 |     677 |       0 |   0.0 |      16 |       0 |   0.0
            +---------+---------+-------+---------+---------+-------

Illustrated notes

Table legend:
 A = Kills in this place as a percentage of kills in entire the game.
 B = Kills by you in this place as a percentage of kills by you in the entire game.
 C = Kills by friends in this place as a percentage of kills by friends in the entire game.
 D = Other kills in this place as a percentage of other kills in the entire game.
 E = Experience gained in this place as a percentage of experience gained in the entire game.
 F = Experience gained in this place divided by the number of levels of this place that you have seen.
                   A       B       C       D       E      F
               +-------+-------+-------+-------+-------+----------------------
         Total | 100.0 | 100.0 |   N/A |   N/A | 100.0 | 215.2
       Dungeon | 100.0 | 100.0 |   N/A |   N/A | 100.0 | 215.2
               +-------+-------+-------+-------+-------+----------------------

Table legend: (Time is in decaauts)
 A = Elapsed time spent in this place.
 B = Non-inter-level travel time spent in this place.
 C = Inter-level travel time spent in this place.
 D = Time resting spent in this place.
 E = Time spent auto-exploring this place.
 F = Levels seen in this place.
 G = Mean time per level.
                   A        B        C        D        E       F      G
               +--------+--------+--------+--------+--------+-----+--------+
         Total |   7505 |   7319 |    186 |   2026 |   3983 |   5 | 1501.0 |
       Dungeon |   7505 |   7319 |    186 |   2026 |   3983 |   5 | 1501.0 |
               +--------+--------+--------+--------+--------+-----+--------+

Top non-repeatable levels by time:
     D:1: 2241 daAuts
     D:2: 1601 daAuts
     D:3: 1379 daAuts
     D:5: 1233 daAuts
     D:4: 1049 daAuts
